AoeStats
← CaRem

Lombardia

509790423Analyzed
4v4 RM · 2d ago on Sep 28, 2026· 53m 49s· 8 players
Game mode
Random Map
Map size
Large (8 player)
Population
200
Speed
Normal
Resources
Standard
Victory
Conquest
Starting age
Dark Age
Ending age
Imperial Age
RankedLock teamsTeams togetherTeam positionsShared explorationLock speedFull tech treeHidden civsTurbo modeCheats
Victory
Defeat
🇨🇳 Persians · China
1228
+12
🇨🇳 Tupi · China
1160
+14
🇨🇳 Chinese · China
1078
+18
🇨🇳 Khmer · China
979
+22
🇺🇸 Goths · United States
1134
-17
🇻🇳 Franks · Vietnam
1125
-17
🇧🇷 Magyars · Brazil
1119
-16
🇦🇷 Chinese · Argentina
1104
-16
littlestewey
2:27 Loom
9:59 Feudal Age
10:45 Double-Bit Axe
16:26 Castle Age
17:20 Horse Collar
19:21 Heavy Plow
22:35 Wheelbarrow
22:51 Bow Saw
25:06 Hand Cart
29:48 Imperial Age
28:10 Gold Mining
28:23 Anarchy
28:36 Forging
28:26 Scale Mail Armor
27:49 Man-at-Arms
28:31 Squires
30:44 Iron Casting
30:14 Scale Barding Armor
30:26 Chain Mail Armor
31:12 Elite Huskarl
32:57 Conscription
35:44 Blast Furnace
35:12 Caravan
35:02 Pikeman
35:41 Halberdier
39:07 Perfusion
alwinmonteiro
6:22 Loom
9:34 Feudal Age
10:59 Double-Bit Axe
21:10 Castle Age
19:20 Scale Barding Armor
19:14 Horse Collar
19:44 Gold Mining
22:15 Chain Barding Armor
21:17 Light Cavalry
22:23 Bow Saw
22:51 Gold Shaft Mining
22:17 Heavy Plow
23:19 Husbandry
28:55 Wheelbarrow
28:06 Town Watch
29:40 Bloodlines
31:35 Fletching
31:46 Padded Archer Armor
31:55 Thumb Ring
32:46 Bodkin Arrow
33:28 Leather Archer Armor
41:28 Imperial Age
39:14 Hand Cart
39:09 Corvinian Army
41:47 Cavalier
44:22 Hand Cart
CaRem
2:59 Loom
11:37 Feudal Age
16:38 Castle Age
15:39 Scale Barding Armor
24:56 Forging
26:45 Iron Casting
27:46 Chain Barding Armor
27:13 Double-Bit Axe
29:26 Husbandry
33:59 Imperial Age
32:18 Gold Mining
34:32 Wheelbarrow
36:11 Blast Furnace
35:13 Cavalier
37:20 Plate Barding Armor
40:00 Paladin
guilleaacevedo
0:30 Loom
11:47 Feudal Age
16:33 Castle Age
18:00 Wheelbarrow
18:33 Squires
17:54 Pikeman
21:09 Forging
20:59 Scale Mail Armor
22:05 Hand Cart
27:47 Fortified Wall
28:06 Caravan
30:52 Fletching
33:20 Bodkin Arrow
38:01 Padded Archer Armor
39:02 Ballistics
41:25 Iron Casting
41:05 Chain Mail Armor
45:15 Imperial Age
45:24 Halberdier
47:53 Blast Furnace
47:23 Plate Mail Armor
46:57 Bracer
47:12 Leather Archer Armor
48:00 Chemistry
47:11 Careening
mmmmmoooo
11:20 Feudal Age
14:57 Double-Bit Axe
17:48 Castle Age
20:56 Fletching
21:16 Gold Mining
23:39 Gold Shaft Mining
23:35 Horse Collar
24:34 Wheelbarrow
24:05 Crossbowman
25:37 Stone Mining
25:44 Pikeman
27:23 Scale Mail Armor
27:40 Padded Archer Armor
28:50 Squires
29:10 Chain Mail Armor
30:23 Bodkin Arrow
30:44 Leather Archer Armor
31:36 Leather Archer Armor
32:45 Hand Cart
33:00 Thumb Ring
33:34 Bow Saw
33:13 Loom
33:34 Heavy Plow
33:57 Ballistics
39:30 Imperial Age
39:37 Arbalester
42:36 Chemistry
46:29 Two-Man Saw
52:45 Caravan
忘情
12:53 Feudal Age
11:09 Loom
13:34 Horse Collar
13:41 Double-Bit Axe
17:54 Castle Age
20:51 Caravan
21:13 Heavy Plow
21:28 Bow Saw
21:37 Pikeman
23:31 Wheelbarrow
28:27 Imperial Age
27:01 Hand Cart
26:42 Town Watch
27:26 Caravan
28:35 Gold Mining
28:50 Stone Mining
30:49 Stone Shaft Mining
30:51 Gold Shaft Mining
32:02 Heavy Scorpion
dy小妖
10:16 Loom
12:02 Feudal Age
14:04 Double-Bit Axe
14:18 Horse Collar
17:07 Castle Age
18:00 Bow Saw
18:51 Heavy Plow
22:16 Town Watch
24:00 Wheelbarrow
25:21 Gold Mining
25:23 Stone Mining
26:57 Stone Shaft Mining
26:51 Hand Cart
30:14 Imperial Age
28:47 Gold Shaft Mining
28:39 Scale Barding Armor
28:36 Husbandry
29:35 Bloodlines
29:47 Chain Barding Armor
30:35 Elite War Elephant
32:29 Conscription
33:19 Plate Barding Armor
35:38 Forging
37:27 Iron Casting
38:26 Heavy Camel Rider
44:31 Blast Furnace
46:10 Light Cavalry
活在故事里的骑士
12:32 Feudal Age
14:47 Double-Bit Axe
14:44 Horse Collar
17:33 Castle Age
17:18 Gold Mining
17:27 Fletching
17:38 Padded Archer Armor
18:19 Loom
20:48 Bodkin Arrow
22:19 Ballistics
23:03 Leather Archer Armor
34:25 Imperial Age
36:12 Conscription
36:02 Heavy Plow
37:02 Squires
37:06 Scale Mail Armor
40:01 Curare
42:25 Elite Ibirapema Warrior
44:17 Elite Blackwood Archer
46:43 Chain Mail Armor
46:38 Forging
46:29 Bracer
47:00 Ring Archer Armor
Connection lost

Rejoining the realm…

Still unreachable

The connection could not be restored.

Session expired

The server has moved on; the page needs a fresh start.